 Dungeon Crawl Stone Soup version 0.31-a0-233-g139696dc86 (webtiles) character file.

Game seed: 778537536767001301

97 qw the Shooter (level 4, -1/26 HPs)
             Began as a Gargoyle Hexslinger on July 7, 2023.
             Slain by a black bear (4 damage)
             ... on level 3 of the Dungeon.
             The game lasted 00:00:47 (2049 turns).

qw the Shooter (Gargoyle Hexslinger)                Turns: 2049, Time: 00:00:48

Health: -1/26      AC:  9    Str: 11    XL:     4   Next: 68%
Magic:  0/5        EV: 10    Int: 14    God:
Gold:   77         SH:  0    Dex: 14    Spells: 4/5 levels left

rFire   . . .        Y - +1 sling
rCold   . . .        (no shield)
rNeg    + . .        h - +0 ring mail
rPois   inf          (no helmet)
rElec   +            b - +0 cloak
rCorr   .            (no gloves)
SInv    .            (no boots)
Will    .....        e - amulet of guardian spirit
Stlth   +            (no ring)
HPRegen 0.24/turn    (no ring)
MPRegen 0.09/turn

%: guardian spirit
@: no status effects
A: sickness immunity, AC +3, negative energy resistance 1, electricity
resistance, torment resistance 1, petrification resistance
a: no special abilities


You were on level 3 of the Dungeon.
You visited 1 branch of the dungeon, and saw 3 of its levels.

You collected 77 gold pieces.


Innate Abilities, Weirdness & Mutations

You are immune to sickness and miasma.
Your stone body is resilient. (AC +3)
You are immune to poison.
You resist negative energy. (rN+)
You are resistant to electric shocks. (rElec)
You are resistant to unholy torment.
You are immune to petrification.


   Skills:
 - Level 2.0 Fighting
 + Level 4.3 Ranged Weapons
 - Level 1.0 Armour
 - Level 1.5 Dodging
 - Level 1.0 Spellcasting
 - Level 2.6 Hexes


You had 4 spell levels left.
You knew the following spells:

 Your Spells              Type           Power      Damage    Failure   Level
a - Slow                  Hex            32%        N/A       21%         1

Your spell library contained the following spells:

 Spells                   Type           Power      Damage    Failure   Level
 Inner Flame              Hex/Fire       4%         N/A       71%         3
 Portal Projectile        Hex/Tloc       8%         N/A       71%         3
 Cause Fear               Hex            4%         N/A       90%         4

Inventory:

Hand Weapons
 Y - a +1 sling (weapon)
Armour
 b - a +0 cloak (worn)
 h - a +0 ring mail (worn)
Jewellery
 e - an amulet of guardian spirit (around neck)
Scrolls
 a - a scroll of identify
Potions
 c - a potion of berserk rage {unknown}
 d - a potion of enlightenment {unknown}
 f - a potion of brilliance {unknown}

Dungeon Overview and Level Annotations

Branches:
Dungeon (3/15)

Altars:
Xom


Message History

The black bear barely misses you. x2
You shoot a sling bullet. The sling bullet hits the black bear.
The black bear is heavily wounded.
The black bear barely misses you. x2
The black bear claws you but does no damage.
You shoot a sling bullet. The sling bullet hits the black bear.
The black bear is severely wounded.
The black bear bites you but does no damage.
The black bear closely misses you. The black bear misses you.
You shoot a sling bullet.
The sling bullet hits the black bear but does no damage.
The black bear is severely wounded.
The black bear bites you.
The black bear claws you but does no damage.
The black bear completely misses you.
You shoot a sling bullet.
The sling bullet barely misses the black bear.
The black bear bites you but does no damage.
The black bear claws you but does no damage.
The black bear claws you. The black bear misses you. The black bear claws you.
The black bear claws you but does no damage.
You shoot a sling bullet. The sling bullet hits the black bear.
The black bear is almost dead.
The black bear goes berserk!
You shoot a sling bullet. The sling bullet hits the black bear.
The black bear is almost dead.
The black bear bites you. The black bear closely misses you.
The black bear claws you. The black bear bites you.
The black bear claws you. x2
You shoot a sling bullet.
The sling bullet barely misses the black bear.
The black bear closely misses you.
The black bear claws you but does no damage.
The black bear closely misses you. x2; The black bear claws you.
The black bear claws you but does no damage.
You shoot a sling bullet.
The sling bullet barely misses the black bear.
The black bear barely misses you.
The black bear claws you but does no damage.
The black bear claws you.
You die...

##.....##.# #.#
##...###.# #.#
##..# #.. ..#
##.# ### ###
#.# #.# #.#
##.## #h@.#
#............#
...###.........
# ##.##.~~~~
#.# .~... #.#
~.~~ #+# ~.~¤
.~¤


You could see a black bear (berserk).

Vanquished Creatures
  3 adders
  A gnoll (D:1)
  A worm (D:2)
  3 dart slugs
  5 ball pythons
  2 bats (D:1)
  4 endoplasms
  A giant cockroach (D:1)
  5 goblins
  8 hobgoblins
  3 jackals (D:1)
  4 kobolds
  A quokka (D:1)
  3 frilled lizards
  4 rats (D:1)
48 creatures vanquished.

Notes
Turn   | Place    | Note
-------+----------+-------------------------------------------
     0 | D:1      | qw the Gargoyle Hexslinger began the quest for the Orb.
     0 | D:1      | Reached XP level 1. HP: 12/12 MP: 2/2
     0 | D:1      | 0 ||| qw: Version: 0.3-a-46-gb1f654a
     0 | D:1      | 0 ||| qw: Game counter: 3272
     0 | D:1      | 0 ||| qw: Melee chars always use a shield: true
     0 | D:1      | 0 ||| qw: God list: Okawaru
     0 | D:1      | 0 ||| qw: Allow faded altars: false
     0 | D:1      | 0 ||| qw: Do Orc after clearing Dungeon:15 true
     0 | D:1      | 0 ||| qw: Do second Lair branch before Depths: true
     0 | D:1      | 0 ||| qw: Lair rune preference: random
     0 | D:1      | 0 ||| qw: Goals: Normal
     0 | D:1      | 0 ||| PLANNING D:1-11
    34 | D:1      | Reached XP level 2. HP: 15/16 MP: 3/3
    88 | D:1      | Reached skill level 3 in Ranged Weapons
    93 | D:1      | Reached XP level 3. HP: 10/21 MP: 4/4
   468 | D:1      | Found a faded altar of an unknown god.
   958 | D:1      | 958 ||| UPGRADING to +0 ring mail.
   968 | D:1      | 968 ||| DROPPING +0 robe.
   969 | D:1      | 969 ||| READING 2 scrolls labelled XACIFA GUNEMOMAPO.
   970 | D:1      | 970 ||| READING scroll labelled WADYAH ZUFUA.
   973 | D:1      | 973 ||| READING scroll labelled ICHIL EVOT.
   974 | D:1      | 974 ||| READING scroll labelled GEIDAC NYGIONU.
   975 | D:1      | 975 ||| READING 2 scrolls labelled PEYLOUSUSU.
  1076 | D:1      | 1076 ||| DROPPING scroll of poison.
  1077 | D:1      | 1077 ||| DROPPING scroll of silence.
  1112 | D:2      | 1112 ||| STAIRDANCE
  1253 | D:2      | Reached skill level 4 in Ranged Weapons
  1253 | D:2      | Reached XP level 4. HP: 22/26 MP: 5/5
  1641 | D:2      | 1641 ||| FLEEEEING.
  1642 | D:2      | 1642 ||| FLEEEEING.
  1646 | D:2      | Reached skill level 1 in Armour
  1962 | D:2      | 1962 ||| UPGRADING to +0 cloak.
  1967 | D:2      | 1967 ||| UPGRADING to amulet of guardian spirit.
  1972 | D:2      | 1972 ||| READING scroll labelled BOOPUKHL WUYSMI.
  1985 | D:3      | Found a shimmering altar of Xom.
  2032 | D:3      | Noticed a black bear
  2047 | D:3      | HP: 4/26 [black bear (3)]
  2049 | D:3      | Slain by a black bear

Levels and vault maps discovered:
D:1:      scummos_arrival_checkerplants, layout_basic,
          chequers_ecumenical_altar_simple
D:2:      layout_basic, chequers_jeans
D:3:      layout_loops_corners, nicolae_overflow_crystal_walls,
          mainiacjoe_overflow_concentric_impassable, serial_shops,
          nicolae_book_shop_shelving, shop

Skill      XL: |  1  2  3  4 |
---------------+-------------+-----
Ranged Weapons | 3 4 |  4.3
Fighting       | 2 |  2.0
Armour         | 1 |  1.0
Dodging        | |  1.5
Spellcasting   | |  1.0
Hexes          | |  2.6

Action                     |  1- 3 |  4- 6 || total
---------------------------+-------+-------++-------
   Fire: Sling             |   129 |    66 ||   195
    Use: Scroll            |     5 |     1 ||     6
 Armour: Robe              |    34 |       ||    34
         Ring mail         |    20 |    38 ||    58
  Dodge: Dodged            |    77 |    27 ||   104

Table legend:
 A = Non-vault XP
 B = Vault XP
 C = Vault XP percentage of total XP
 D = Non-vault monster count
 E = Vault monster count
 F = Vault count percentage of total count
                 A         B        C        D         E       F
            +---------+---------+-------+---------+---------+-------
      Total |     139 |       0 |   0.0 |      48 |       0 |   0.0
            +---------+---------+-------+---------+---------+-------
        D:1 |      75 |       0 |   0.0 |      29 |       0 |   0.0
        D:2 |      60 |       0 |   0.0 |      18 |       0 |   0.0
        D:3 |       4 |       0 |   0.0 |       1 |       0 |   0.0
            +---------+---------+-------+---------+---------+-------
